 Dungeon Crawl Stone Soup version 0.31-a0-237-g2d982f9f85 (webtiles) character file.

Game seed: 5220178231697654794

5022 qw the Skirmisher (level 10, -4/88 HPs)
             Began as a Minotaur Hexslinger on July 10, 2023.
             Was an Initiate of Okawaru.
             Slain by a purple ugly thing (5 damage)
             ... on level 9 of the Dungeon.
             The game lasted 00:02:18 (6635 turns).

qw the Skirmisher (Minotaur Hexslinger)             Turns: 6635, Time: 00:02:19

Health: -4/88      AC:  9    Str: 13    XL:     10   Next: 30%
Magic:  10/10      EV: 17    Int: 10    God:    Okawaru [......]
Gold:   231        SH:  0    Dex: 23    Spells: 10/11 levels left

rFire   + . .        l - +4 longbow (drain)
rCold   . . .        (shield currently unavailable)
rNeg    . . .        e - +2 leather armour {rF+}
rPois   +            h - +2 hat {Stlth+}
rElec   .            a - +1 cloak
rCorr   .            (no gloves)
SInv    .            (no boots)
Will    .....        (no amulet)
Stlth   +++          o - ring of poison resistance
HPRegen 0.34/turn    m - +6 ring of dexterity
MPRegen 0.12/turn

%: no passive effects
@: about to teleport
A: horns 2, retaliatory headbutt
a: Renounce Religion


You were on level 9 of the Dungeon.
You worshipped Okawaru.
Okawaru was noncommittal.
You visited 2 branches of the dungeon, and saw 10 of its levels.

You collected 443 gold pieces.
You spent 212 gold pieces at shops.


Innate Abilities, Weirdness & Mutations

You have a pair of horns on your head.
You reflexively headbutt those who attack you in melee.


   Skills:
 + Level 8.0 Fighting
 - Level 13.0 Ranged Weapons
 - Level 3.9 Armour
 - Level 7.0 Dodging
 - Level 1.0 Spellcasting
 - Level 2.0 Hexes


You had 10 spell levels left.
You knew the following spells:

 Your Spells              Type           Power      Damage    Failure   Level
a - Slow                  Hex            16%        N/A       19%         1

Your spell library contained the following spells:

 Spells                   Type           Power      Damage    Failure   Level
 Inner Flame              Hex/Fire       2%         N/A       63%         3
 Portal Projectile        Hex/Tloc       4%         N/A       63%         3
 Cause Fear               Hex            2%         N/A       88%         4

Inventory:

Hand Weapons
 l - a +4 longbow of draining (weapon)
Armour
 a - a +1 cloak (worn)
 e - a +2 leather armour of fire resistance (worn)
 h - a +2 hat of stealth (worn)
 i - +0 steam dragon scales
 j - a +2 robe of cold resistance
Jewellery
 m - a +6 ring of dexterity (right hand)
 o - a ring of poison resistance (left hand)
 s - a ring of fire
 Y - a +4 ring of slaying {mikee}
Scrolls
 k - a scroll of teleportation
 p - a scroll of identify
Potions
 b - 5 potions of curing
 c - a potion of enlightenment {unknown}
 f - 2 potions of haste
 g - a potion of might {unknown}
 n - 2 potions of heal wounds

Dungeon Overview and Level Annotations

Branches:
Dungeon (9/15)             Temple (1/1) D:6
   Lair: D:8-11         Orc: D:9-12

Altars:
Ashenzari
Cheibriados
Dithmenos
Elyvilon
Fedhas
Gozag
Hepliaklqana
Kikubaaqudgha
Makhleb
Nemelex Xobeh
Okawaru
Qazlal
Ru
Sif Muna
Trog
Uskayaw
Vehumet
Wu Jian
Xom
Yredelemnul
Zin
The Shining One

Shops:
D:2 !   D:7 (   D:8 [


Message History

You headbutt the centaur warrior!
The centaur warrior kicks you but does no damage.
The acid dragon spits acid at you. The splash of acid hits you!
A kobold demonologist comes into view. It is wielding a +0 dagger.
You hear two shouts!
You hear a roar!
You hear a shout!
You shoot an arrow. The arrow hits the purple ugly thing!
You drain the purple ugly thing.
The purple ugly thing is almost dead.
The centaur warrior completely misses you.
The centaur warrior closely misses you.
The purple ugly thing closely misses you.
The acid dragon bites you but does no damage.
The acid dragon claws you but does no damage.
The boulder beetle leaps!
The kobold demonologist casts a cantrip, but nothing happens.
You shoot an arrow.
The arrow closely misses the purple ugly thing.
The centaur warrior hits you.
The centaur warrior kicks you but does no damage.
The purple ugly thing closely misses you.
You furiously retaliate!
You headbutt the purple ugly thing. The centaur warrior misses you.
You furiously retaliate!
You headbutt the centaur warrior. The centaur warrior kicks you.
You shoot an arrow. The arrow hits the purple ugly thing.
The purple ugly thing is almost dead.
The centaur warrior closely misses you. The centaur warrior kicks you.
The purple ugly thing pecks you.
The kobold demonologist gestures wildly while chanting.
The centaur warrior hits you!
The centaur warrior completely misses you. x2
The centaur warrior kicks you. The purple ugly thing pecks you!
6635 ||| READING 2 scrolls of teleportation.
As you read the scroll of teleportation, it crumbles to dust.
You feel strangely unstable. The centaur warrior hits you!
The centaur warrior kicks you but does no damage.
The centaur warrior hits you. The centaur warrior misses you.
The purple ugly thing pecks you.
You die... #. #.# .JD

..# #.u #.##
#... #..# B5.
#..#
####.####..#
.......c...####
......Du@....<#
######.c#####.#
#..# #.# #..#
#.# #..# #.#
#..# #.# #..#
#.# #### ..#
....


You could see a boulder beetle, a purple ugly thing (drained), 2 centaur
warriors, an acid dragon (catching breath) and an ufetubus (summoned).

Vanquished Creatures
  A hydra (D:9)
  Pikel (D:4)
  Prince Ribbit (D:7)
  Grinder (D:6)
  A slime creature (D:6)
  A wyvern (D:8)
  A steam dragon (D:7)
  An acid dragon (D:8)
  3 black bears
  5 orc warriors
  4 ogres
  An ice beast (D:7)
  A phantom (D:5)
  A kobold brigand (D:8)
  3 scorpions
  A bullfrog (D:6)
  A necrophage (D:4)
  8 wights
  4 killer bees
  3 hounds
  3 jellies
  5 orc priests
  4 iguanas (D:5)
  7 orc wizards
  A hound skeleton (D:4)
  3 gnolls (D:5)
  6 adders
  2 shadow imps
  A white imp (D:6)
  An ufetubus (D:5)
  2 worms
  8 dart slugs
  33 orcs
  5 endoplasms
  2 giant cockroaches (D:1)
  7 goblins
  5 hobgoblins
  4 jackals (D:3)
  4 quokkas
  7 ball pythons
  6 bats
  3 frilled lizards
  13 kobolds
  6 rats
181 creatures vanquished.

Notes
Turn   | Place    | Note
-------+----------+-------------------------------------------
     0 | D:1      | qw the Minotaur Hexslinger began the quest for the Orb.
     0 | D:1      | Reached XP level 1. HP: 16/16 MP: 1/1
     0 | D:1      | 0 ||| qw: Version: 0.3-a-52-g30416fa
     0 | D:1      | 0 ||| qw: Game counter: 5133
     0 | D:1      | 0 ||| qw: Melee chars always use a shield: true
     0 | D:1      | 0 ||| qw: God list: Okawaru
     0 | D:1      | 0 ||| qw: Allow faded altars: false
     0 | D:1      | 0 ||| qw: Do Orc after clearing Dungeon:15 true
     0 | D:1      | 0 ||| qw: Do second Lair branch before Depths: true
     0 | D:1      | 0 ||| qw: Lair rune preference: random
     0 | D:1      | 0 ||| qw: Goals: Normal
     0 | D:1      | 0 ||| PLANNING D:1-11
     6 | D:1      | Noticed a polar bear
     6 | D:1      | Noticed a rime drake
     7 | D:1      | Noticed a salamander
     7 | D:1      | Noticed a hound
     7 | D:1      | You fall into a shaft and drop 1 floor!
    10 | D:2      | 10 ||| DROPPING scroll of poison.
   177 | D:1      | Reached skill level 3 in Ranged Weapons
   177 | D:1      | Reached XP level 2. HP: 23/23 MP: 2/2
   373 | D:1      | Found a faded altar of an unknown god.
   557 | D:1      | 557 ||| FLEEEEING.
   558 | D:1      | 558 ||| FLEEEEING.
   559 | D:1      | 559 ||| FLEEEEING.
   709 | D:1      | Reached XP level 3. HP: 29/29 MP: 3/3
   754 | D:1      | 754 ||| UPGRADING to +0 leather armour.
   764 | D:1      | 764 ||| DROPPING +0 robe.
   765 | D:1      | 765 ||| READING scroll labelled CIODIA XOHEM.
   766 | D:1      | 766 ||| READING scroll labelled OKKOD RAT.
   771 | D:1      | 771 ||| READING scroll labelled HUIHEY TEPAIHE.
   771 | D:1      | Identified a scroll of acquirement
   771 | D:1      | 771 ||| ACQUIRING +2 longbow of flaming
   771 | D:1      | Acquired a +2 longbow of flaming
   773 | D:1      | 773 ||| SWAPPING to +2 longbow of flaming.
   774 | D:1      | 774 ||| DROPPING +1 sling.
   775 | D:1      | 775 ||| DRINKING 3 fuming grey potions.
   990 | D:2      | Reached skill level 4 in Ranged Weapons
  1099 | D:2      | Identified the +5 spear "Vuxezuoss" {antimagic, rElec Will-
                  | Int+3}
  1208 | D:2      | Found Foptuaka's Distillery.
  1219 | D:2      | 1219 ||| SHOPLISTING 2 potions of mutation (176 gold, have
                  | 23).
  1219 | D:2      | 1219 ||| SHOPLISTING potion of curing (33 gold, have 23).
  1219 | D:2      | 1219 ||| SHOPLISTING potion of haste (110 gold, have 23).
  1219 | D:2      | 1219 ||| SHOPLISTING potion of might (44 gold, have 23).
  1373 | D:2      | 1373 ||| UPGRADING to amulet of guardian spirit.
  1378 | D:2      | 1378 ||| READING scroll labelled COSTOA ZUTH.
  1481 | D:3      | Found a stormy altar of Qazlal.
  1487 | D:3      | Found a blossoming altar of Fedhas.
  1496 | D:3      | Reached XP level 4. HP: 36/36 MP: 4/4
  2030 | D:3      | 2030 ||| UPGRADING to +0 cloak.
  2035 | D:3      | 2035 ||| READING scroll labelled TOXTAA NEYMICU.
  2071 | D:4      | Reached skill level 5 in Ranged Weapons
  2123 | D:4      | Noticed Pikel
  2125 | D:4      | Noticed a lemure
  2125 | D:4      | Noticed a lemure
  2126 | D:4      | Reached skill level 3 in Fighting
  2127 | D:4      | Noticed a lemure
  2128 | D:4      | Noticed a lemure
  2132 | D:4      | Killed Pikel
  2133 | D:4      | Reached skill level 8 in Ranged Weapons
  2133 | D:4      | Reached XP level 5. HP: 36/45 MP: 3/5
  2133 | D:4      | Reached XP level 6. HP: 41/51 MP: 3/6
  2133 | D:4      | Reached XP level 7. HP: 46/57 MP: 3/7
  2332 | D:4      | 2332 ||| FLEEEEING.
  2346 | D:4      | Reached skill level 1 in Armour
  2558 | D:4      | Identified the +0 robe of the Delicate God {Int+4}
  2801 | D:4      | Found a burning altar of Makhleb.
  3039 | D:4      | 3039 ||| UPGRADING to +0 ring mail.
  3049 | D:4      | 3049 ||| DROPPING +0 leather armour.
  3050 | D:4      | 3050 ||| DROPPING +0 robe of the Delicate God {Int+4}.
  3051 | D:4      | 3051 ||| UPGRADING to +4 ring of slaying {mikee}.
  3052 | D:4      | 3052 ||| UPGRADING to +6 ring of dexterity.
  3053 | D:4      | 3053 ||| DROPPING ring of ice.
  3054 | D:4      | 3054 ||| READING scroll labelled POIFFI EREBRIM.
  3055 | D:4      | 3055 ||| READING scroll labelled BEITUO JECIEFA.
  3056 | D:4      | 3056 ||| READING scroll labelled ETOYJE VINU.
  3057 | D:4      | 3057 ||| READING scroll labelled DIRPHU VEKH.
  3058 | D:4      | 3058 ||| READING scroll labelled BALYRUTWOZXI.
  3059 | D:4      | 3059 ||| READING scroll labelled UTESEI QAFOFEN.
  3060 | D:4      | 3060 ||| READING 2 scrolls of identify.
  3060 | D:4      | 3060 ||| IDENTIFYING bubbling red potion
  3075 | D:5      | Entered Level 5 of the Dungeon
  3107 | D:5      | 3107 ||| FLEEEEING.
  3108 | D:5      | 3108 ||| FLEEEEING.
  3109 | D:5      | 3109 ||| FLEEEEING.
  3110 | D:5      | 3110 ||| FLEEEEING.
  3112 | D:5      | 3112 ||| FLEEEEING.
  3113 | D:5      | 3113 ||| FLEEEEING.
  3114 | D:5      | 3114 ||| FLEEEEING.
  3115 | D:5      | 3115 ||| FLEEEEING.
  3116 | D:5      | 3116 ||| FLEEEEING.
  3117 | D:5      | 3117 ||| FLEEEEING.
  3121 | D:5      | 3121 ||| FLEEEEING.
  3122 | D:5      | 3122 ||| FLEEEEING.
  3123 | D:5      | 3123 ||| FLEEEEING.
  3124 | D:5      | 3124 ||| FLEEEEING.
  3125 | D:5      | 3125 ||| FLEEEEING.
  3126 | D:5      | 3126 ||| FLEEEEING.
  3127 | D:5      | 3127 ||| STAIRDANCE
  3236 | D:5      | 3236 ||| STAIRDANCE
  3237 | D:5      | Reached skill level 3 in Dodging
  3303 | D:5      | 3303 ||| DRINKING 4 potions of curing.
  3303 | D:5      | 3303 ||| (to cure confusion)
  3306 | D:5      | 3306 ||| DRINKING 3 potions of curing.
  3306 | D:5      | 3306 ||| (to cure confusion)
  3306 | D:5      | HP: 15/61 [something (4)]
  3307 | D:5      | 3307 ||| READING scroll of teleportation.
  3619 | D:5      | Reached XP level 8. HP: 68/68 MP: 8/8
  3626 | D:5      | Reached skill level 9 in Ranged Weapons
  3728 | D:5      | 3728 ||| Stepping ~*~*~tactically~*~*~ (outnumbered).
  3735 | D:5      | 3735 ||| DRINKING 5 potions of curing.
  3735 | D:5      | 3735 ||| (to cure confusion)
  3791 | D:5      | Reached skill level 6 in Fighting
  4312 | D:5      | 4312 ||| UPGRADING to +2 hat of stealth.
  4317 | D:5      | 4317 ||| DROPPING +6 ring of intelligence.
  4318 | D:5      | 4318 ||| DROPPING ring of see invisible.
  4319 | D:5      | 4319 ||| DROPPING ring of wizardry.
  4320 | D:5      | 4320 ||| DRINKING 3 fuming inky potions.
  4321 | D:5      | 4321 ||| READING 2 scrolls of identify.
  4321 | D:5      | 4321 ||| IDENTIFYING coppery potion
  4322 | D:5      | 4322 ||| DROPPING 2 potions of brilliance.
  4370 | D:6      | Found a staircase to the Ecumenical Temple.
  4371 | D:6      | 4371 ||| PLANNING TEMPLE
  4378 | Temple   | Entered the Ecumenical Temple
  4508 | Temple   | 4508 ||| PLANNING D:1-11
  4626 | D:6      | Reached skill level 10 in Ranged Weapons
  4719 | D:6      | 4719 ||| Stepping ~*~*~tactically~*~*~ (outnumbered).
  4798 | D:6      | Noticed Grinder
  4806 | D:6      | Killed Grinder
  4838 | D:6      | Reached XP level 9. HP: 80/80 MP: 9/9
  5117 | D:6      | 5117 ||| READING scroll of enchant weapon.
  5117 | D:6      | 5117 ||| ENCHANTING +3 longbow of draining.
  5300 | D:6      | 5300 ||| READING scroll labelled XISISK ANODGHI.
  5417 | D:7      | Reached skill level 11 in Ranged Weapons
  5443 | D:7      | Noticed Prince Ribbit
  5449 | D:7      | Killed Prince Ribbit
  5450 | D:7      | Reached skill level 3 in Armour
  5671 | D:7      | Found Mof Gokluka's Antique Weapon Emporium.
  5932 | D:7      | Reached skill level 12 in Ranged Weapons
  5980 | D:7      | 5980 ||| UPGRADING to +2 leather armour of fire resistance.
  5990 | D:7      | 5990 ||| DROPPING +0 ring mail.
  6020 | D:8      | 6020 ||| STAIRDANCE
  6197 | D:8      | Reached skill level 6 in Dodging
  6203 | D:8      | 6203 ||| Stepping ~*~*~tactically~*~*~ (outnumbered).
  6205 | D:8      | 6205 ||| Stepping ~*~*~tactically~*~*~ (outnumbered).
  6223 | D:8      | Found Ozeg Osh's Armour Boutique.
  6231 | D:8      | 6231 ||| SHOPLISTING +1 ring mail "Bixacep" {Fly rC+++
                  | Dex-5 SInv} (561 gold, have 409).
  6231 | D:8      | 6231 ||| BUYING +2 robe of cold resistance (212 gold).
  6231 | D:8      | Bought a +2 robe of cold resistance for 212 gold pieces
  6302 | D:8      | Reached XP level 10. HP: 88/88 MP: 10/10
  6315 | D:8      | 6315 ||| READING scroll of enchant armour.
  6315 | D:8      | 6315 ||| ENCHANTING +0 cloak.
  6386 | D:8      | Found a hide-covered altar of Uskayaw.
  6391 | D:8      | Found an ancient bone altar of Kikubaaqudgha.
  6396 | D:8      | Found a glowing silver altar of Zin.
  6399 | D:8      | Found an iron altar of Okawaru.
  6400 | D:8      | 6400 ||| PLANNING OKAWARU WORSHIP
  6401 | D:8      | Found a shimmering blue altar of Sif Muna.
  6405 | D:8      | Became a worshipper of Warmaster Okawaru
  6406 | D:8      | 6406 ||| PLANNING D:1-11
  6406 | D:8      | 6406 ||| REMOVING amulet of guardian spirit.
  6412 | D:8      | Found an ornate altar of the Wu Jian Council.
  6589 | D:8      | 6589 ||| DROPPING amulet of guardian spirit.
  6590 | D:8      | 6590 ||| UPGRADING to ring of poison resistance.
  6618 | D:9      | Noticed a purple ugly thing
  6618 | D:9      | Noticed a five-headed hydra
  6618 | D:9      | Noticed a centaur warrior
  6619 | D:9      | 6619 ||| Stepping ~*~*~tactically~*~*~ (outnumbered).
  6624 | D:9      | Killed a five-headed hydra
  6625 | D:9      | Reached skill level 13 in Ranged Weapons
  6627 | D:9      | Noticed a boulder beetle
  6629 | D:9      | Noticed a centaur warrior
  6634 | D:9      | HP: 22/88 [centaur warrior (10)]
  6635 | D:9      | 6635 ||| READING 2 scrolls of teleportation.
  6635 | D:9      | HP: 5/88 [centaur warrior (9)]
  6635 | D:9      | HP: 1/88 [centaur warrior (4)]
  6635 | D:9      | Slain by a purple ugly thing

Levels and vault maps discovered:
D:1:      onia_arrival_zoo_common, layout_basic,
          nicolae_ecumenical_snake_handling, reono_crystal_passage
D:2:      layout_basic, serial_shops, nicolae_shop_industrial_runoff
D:3:      minmay_wonky_spiral, layout_basic,
          grunt_temple_overflow_forces_of_nature, amcnicky_mini_corridor_feature
D:4:      layout_cave_pods, makhleb_blood_cavern_becter, minmay_pentangle,
          uniq_pikel
D:5:      layout_layer_cave, minmay_fractal_squares_diagonal_5
D:6:      layout_basic, minmay_temple_entry_mist, minmay_three_doors,
          uniq_grinder
D:7:      layout_loops_ring, serial_shops, shop, uniq_prince_ribbit1
D:8:      layout_cave_pools, nicolae_overflow_hallway_of_the_gods, serial_shops,
          shop, chequers_serial_rivers_marsh
D:9:      kennysheep_blocky_hall, layout_loops_ring, serial_shops, shop,
          kennysheep_mini, shop, shop, nicolae_shop_hallway_stairs,
          serial_co_window_serial, co_window_cross_1,
          co_window_of_opportunity_a, co_window_corner_a, co_window_paths_a,
          co_window_of_opportunity_a, co_window_broadway_c,
          co_window_broadway_b, co_window_broadway_a, co_window_unsneaky_path_a,
          glass_columns_a, glass_columns_a, glass_columns_c, glass_columns_a,
          glass_columns_c, minivault_28
Temple:   hellmonk_temple_forest_ring

Skill      XL: |  1  2  3  4  5  6  7  8  9 10 |
---------------+-------------------------------+-----
Ranged Weapons | 3 4 8 10 12 13 | 13.0
Fighting       | 2 3 5 7 8 |  8.0
Armour         | 2 3 |  3.9
Dodging        | 3 4 6 7 |  7.0
Spellcasting   | |  1.0
Hexes          | |  2.0

Action                     |  1- 3 |  4- 6 |  7- 9 | 10-12 || total
---------------------------+-------+-------+-------+-------++-------
   Fire: Sling             |    53 |       |       |       ||    53
         Longbow           |    42 |    35 |   191 |    34 ||   302
    Use: Scroll            |     4 |     1 |    11 |     2 ||    18
         Potion            |     1 |       |     4 |       ||     5
 Armour: Robe              |     2 |       |       |       ||     2
         Leather armour    |     8 |     3 |     8 |     8 ||    27
         Ring mail         |       |       |    11 |       ||    11
  Dodge: Dodged            |    34 |     8 |    58 |    31 ||   131

Table legend:
 A = Non-vault XP
 B = Vault XP
 C = Vault XP percentage of total XP
 D = Non-vault monster count
 E = Vault monster count
 F = Vault count percentage of total count
                 A         B        C        D         E       F
            +---------+---------+-------+---------+---------+-------
      Total |    4175 |    3000 |  41.8 |     159 |      22 |  12.2
            +---------+---------+-------+---------+---------+-------
        D:1 |      37 |       3 |   7.5 |      19 |       2 |   9.5
        D:2 |      31 |       0 |   0.0 |      12 |       0 |   0.0
        D:3 |      38 |      28 |  42.4 |      21 |       3 |  12.5
        D:4 |     169 |     758 |  81.8 |      23 |       4 |  14.8
        D:5 |     666 |     337 |  33.6 |      18 |       7 |  28.0
        D:6 |     624 |     740 |  54.3 |      15 |       4 |  21.1
        D:7 |    1101 |     268 |  19.6 |      20 |       1 |   4.8
        D:8 |    1509 |       0 |   0.0 |      31 |       0 |   0.0
        D:9 |       0 |     866 | 100.0 |       0 |       1 | 100.0
            +---------+---------+-------+---------+---------+-------
